 Dungeon Crawl Stone Soup version 0.16.2-12-gd0ad4c3 (webtiles) character file.

1960 Peloso the Protected (level 9, -4/75 HPs)
             Began as a Minotaur Fighter on Sept 26, 2015.
             Was a Priest of Okawaru.
             Killed by divine providence
             ... invoked by an orc priest
              (16 damage)
             ... on level 7 of the Dungeon.
             The game lasted 00:15:46 (5721 turns).

Peloso the Protected (Minotaur Fighter)             Turns: 5721, Time: 00:15:50

Health: -4/75      AC: 12    Str: 25    XL:     9   Next: 0%
Magic:  5/5        EV:  9    Int:  5    God:    Okawaru [***...]
Gold:   320        SH: 11    Dex: 11    Spells: 0 memorised, 8 levels left

rFire  . . .     SeeInvis .     F - +2 scimitar (elec)
rCold  . . .     Clarity  .     C - +0 chain mail {MR+}
rNeg   . . .     SustAb   +     c - +0 shield
rPois  .         Gourm    .     (helmet restricted)
rElec  .         Spirit   .     D - +0 cloak
rCorr  .         Warding  .     (no gloves)
rMut   .         Stasis   .     (no boots)
MR     +....                    I - amulet of rage
Stlth  ..........               H - ring of sustain abilities
                                e - +2 ring of strength

@: somewhat resistant to hostile enchantments, extremely unstealthy
A: retaliatory headbutt, horns 2
a: Heroism, Renounce Religion, Evoke Berserk Rage


You were on level 7 of the Dungeon.
You worshipped Okawaru.
Okawaru was most pleased with you.
You were near starving.

You visited 1 branch of the dungeon, and saw 7 of its levels.
You also visited: Sewer.

You collected 320 gold pieces.

Inventory:

Hand weapons
 a - a +0 long sword
 F - a +2 scimitar of electrocution (weapon)
Armour
 c - a +0 shield (worn)
 C - a +0 chain mail of magic resistance (worn)
 D - a +0 cloak (worn)
Jewellery
 e - a +2 ring of strength (left hand)
 m - an uncursed ring of magical power {unknown}
 H - a ring of sustain abilities (right hand)
 I - an amulet of rage (around neck)
Magical devices
 G - a wand of polymorph (4)
Scrolls
 f - 6 scrolls of remove curse
 h - 4 scrolls of identify
 j - 2 scrolls of teleportation
 k - 3 scrolls of magic mapping
 l - a scroll of fog
 o - 2 scrolls of enchant armour {unknown}
 s - 3 scrolls of fear {unknown}
 v - 3 scrolls of amnesia {unknown}
 w - 3 scrolls of noise {unknown}
 x - a scroll of random uselessness {unknown}
Potions
 b - a potion of magic {unknown}
 g - a potion of restore abilities {unknown}
 i - 2 potions of haste
 n - 4 potions of curing
 q - 4 potions of poison {unknown}
 u - a potion of cancellation
 z - 2 potions of brilliance {unknown}
 A - 2 potions of heal wounds
 B - 2 potions of flight {unknown}
Comestibles
 d - 3 bread rations
 p - a meat ration
 r - 3 beef jerkies
 E - 9 fruits


   Skills:
 + Level 5.9 Fighting
 + Level 6.8 Long Blades
 + Level 8.1 Armour
 + Level 4.6 Dodging
 + Level 0.5 Stealth
 + Level 7.7 Shields
 + Level 1.3 Invocations


You had 8 spell levels left.
You didn't know any spells.

Dungeon Overview and Level Annotations

Branches:
Dungeon (7/15)             Temple (0/1) D:6

Altars:
Elyvilon
Kikubaaqudgha
Makhleb
Okawaru
Qazlal
Vehumet
Yredelemnul


Innate Abilities, Weirdness & Mutations

You reflexively headbutt those who attack you in melee.
You have a pair of horns on your head.


Message History

The orc priest invokes the aid of Beogh against you.
Something smites you!
You barely miss the quokka. The quokka barely misses you.
You furiously retaliate!
You headbutt the quokka!
You kill the quokka!
Okawaru accepts your kill.
The electric eel shoots out a bolt of lightning at you!
The bolt of electricity hits the orc.
The orc dies!
The bolt of electricity hits you! x2
The orc priest calls down the wrath of Beogh upon you.
Something smites you!
The electric eel shoots out a bolt of lightning at you!
The bolt of electricity hits the orc.
The orc dies!
The bolt of electricity hits you!
* * * LOW HITPOINT WARNING * * *
The orc priest invokes the aid of Beogh against you.
Something smites you!
You die...

####,,,,* ####...#...##.#
*,,,,*** ###.#.###*,#
*,_,,+,* #...# *,*
*,,,,*,* ##.## *,*
*,,,,*,#########.# *,*
******,..........# *,*
*,,#####.....# *,*
***#.######.##.## *,*
**,,..≈8≈...r@..#*****,*
**,,,...≈.....####,,,,,,*
**,,,,,......)..***,******
*#,,≈,,,......)≈..**,*
#..≈≈,,,......o≈≈o.*,*
......,,,......o.o..,*
.......≈≈≈≈≈;........*
......≈≈***#≈≈..o...,*
≈.....≈#* **≈...,,,,*


You could see an electric eel, an orc priest, an orc and a rat.

Vanquished Creatures
  The ghost of Musteatbrain the Ducker, an experienced DsFi of Cheibriados (D:5)
  Edmund (D:5)
  A sky beast (D:6)
  A necrophage (D:6)
  A phantom (D:7)
  An ogre (D:4)
  A crocodile (Sewer)
  2 centaurs (D:6)
  2 giant frogs (D:6)
  Blork the orc (D:5)
  A scorpion (D:6)
  4 killer bees (D:7)
  A crimson imp (D:4)
  A goliath beetle (D:6)
  A quasit (D:6)
  A hound (D:4)
  A jelly (D:5)
  A giant frog skeleton (D:4)
  2 iguanas
  2 orc wizards (D:7)
  Natasha (thrice) (D:4)
  3 worker ants
  A killer bee zombie (D:6)
  A worker ant zombie (D:7)
  A shadow imp (D:7)
  8 adders
  2 giant mites
  3 worms
  An adder zombie (D:5)
  4 giant geckos
  An ooze (D:4)
  6 orcs
  7 giant cockroaches
  7 goblins
  7 hobgoblins
  6 jackals
  2 quokkas (D:7)
  A ball python (D:3)
  10 bats
  7 giant newts
  16 kobolds
  A quokka zombie (D:7)
  6 rats
131 creatures vanquished.

Vanquished Creatures (others)
  2 orcs (D:7)
2 creatures vanquished.

Grand Total: 133 creatures vanquished

Notes
Turn   | Place    | Note
--------------------------------------------------------------
     0 | D:1      | Peloso, the Minotaur Fighter, began the quest for the Orb.
     0 | D:1      | Reached XP level 1. HP: 19/19 MP: 1/1
   520 | D:2      | Reached skill level 4 in Shields
   520 | D:2      | Reached XP level 2. HP: 25/27 MP: 1/1
   793 | D:2      | Reached XP level 3. HP: 33/33 MP: 2/2
  1025 | D:3      | Found a basalt altar of Yredelemnul.
  1028 | D:3      | Found an ancient bone altar of Kikubaaqudgha.
  1039 | D:3      | Found an iron altar of Okawaru.
  1048 | D:3      | Became a worshipper of Warmaster Okawaru
  1346 | D:3      | Found a glowing drain.
  1365 | Sewer    | Entered a sewer
  1651 | Sewer    | Noticed a crocodile
  1660 | Sewer    | Killed a crocodile
  1660 | Sewer    | Reached skill level 1 in Dodging
  1660 | Sewer    | Reached XP level 4. HP: 2/41 MP: 2/2
  2142 | D:3      | Reached XP level 5. HP: 42/47 MP: 2/2
  2288 | D:3      | Acquired Okawaru's first power
  2288 | D:3      | Reached skill level 5 in Armour
  2489 | D:4      | Found a stormy altar of Qazlal.
  2492 | D:4      | Found a white marble altar of Elyvilon.
  2493 | D:4      | Noticed Natasha
  2501 | D:4      | Killed Natasha
  2515 | D:4      | Reached XP level 6. HP: 48/53 MP: 3/3
  2526 | D:4      | Reached skill level 5 in Shields
  2604 | D:4      | Noticed Natasha
  2609 | D:4      | Killed Natasha
  3012 | D:4      | Got a dazzling chain mail
  3023 | D:4      | Identified the cursed +0 chain mail of the Barber Surgeon {rC+ rN+ MR- Int+6} (You found it on level 4 of the Dungeon)
  3024 | D:4      | Noticed an ogre
  3032 | D:4      | Killed an ogre
  3074 | D:4      | Found a burning altar of Makhleb.
  3114 | D:4      | Found a radiant altar of Vehumet.
  3127 | D:4      | Noticed Natasha
  3131 | D:4      | Killed Natasha
  3354 | D:5      | Entered Level 5 of the Dungeon
  3497 | D:5      | Noticed Musteatbrain's ghost (experienced DsFi)
  3517 | D:5      | Killed Musteatbrain's ghost
  3517 | D:5      | Reached skill level 5 in Fighting
  3517 | D:5      | Reached skill level 5 in Long Blades
  3517 | D:5      | Reached skill level 6 in Armour
  3517 | D:5      | Reached XP level 7. HP: 43/61 MP: 2/3
  3554 | D:5      | Noticed Edmund
  3578 | D:5      | Killed Edmund
  3578 | D:5      | Reached skill level 1 in Invocations
  3738 | D:5      | Noticed Blork the orc
  3745 | D:5      | Killed Blork the orc
  4185 | D:6      | Reached XP level 8. HP: 55/68 MP: 4/4
  4207 | D:6      | Found a staircase to the Ecumenical Temple.
  4484 | D:6      | Reached skill level 7 in Armour
  5285 | D:7      | Reached skill level 8 in Armour
  5588 | D:7      | Reached XP level 9. HP: 73/75 MP: 5/5
  5721 | D:7      | Killed from afar by an orc priest

Action                   |  1- 3 |  4- 6 |  7- 9 || total
-------------------------+-------+-------+-------++-------
Melee: Long sword        |   100 |   132 |    34 ||   266
       Scimitar          |       |       |   129 ||   129
Invok: Heroism           |       |     2 |     1 ||     3
  Use: Potion            |     1 |       |       ||     1
       Scroll            |       |     7 |     5 ||    12
  Eat: Chunk             |     2 |     5 |     5 ||    12
       Fruit             |       |     1 |       ||     1
       Pizza             |       |       |     1 ||     1
